 Dungeon Crawl Stone Soup version 0.22.0-75-g3901e79 (webtiles) character file.

100 Fang the Chopper (level 4, -8/29 HPs)
             Began as a Gargoyle Berserker on Sept 14, 2018.
             Was a Believer of Trog.
             Killed by divine providence
             ... invoked by an orc priest
              (14 damage)
             ... on level 4 of the Dungeon.
             The game lasted 00:04:03 (3352 turns).

Fang the Chopper (Gargoyle Berserker)               Turns: 3352, Time: 00:04:04

Health: -8/29      AC:  7    Str: 21    XL:     4   Next: 74%
Magic:  4/4        EV: 12    Int:  8    God:    Trog [**....]
Gold:   168        SH:  0    Dex:  9    Spells: 3/3 levels left

rFire    . . .     SeeInvis .   a - +0 hand axe
rCold    . . .     Gourm    .   (no shield)
rNeg     + . .     Faith    .   b - +0 animal skin
rPois    ∞         Spirit   .   (no helmet)
rElec    +         Reflect  .   l - +1 cloak
rCorr    +         Harm     .   (no gloves)
MR       .....                  (no boots)
Stlth    +.........             (no amulet)
HPRegen  0.09/turn              g - ring of resist corrosion
MPRegen  0.09/turn              (no ring)

@: no status effects
A: negative energy resistance 1, electricity resistance, unbreathing,
petrification resistance, rot immunity, AC +3
a: Berserk, Trog's Hand, Renounce Religion


You were on level 4 of the Dungeon.
You worshipped Trog.
Trog was pleased with you.
You were not hungry.

You visited 1 branch of the dungeon, and saw 4 of its levels.

You collected 168 gold pieces.

Inventory:

Hand Weapons
 a - a +0 hand axe (weapon)
Armour
 b - a +0 animal skin (worn)
 l - a +1 cloak (worn)
Jewellery
 g - a ring of resist corrosion (left hand)
Scrolls
 d - a scroll of immolation {unknown}
 h - a scroll of enchant weapon {unknown}
 i - a scroll of magic mapping {unknown}
 j - 2 scrolls of identify {unknown}
 m - 2 scrolls of teleportation {unknown}
 p - a scroll of amnesia {unknown}
 r - 2 scrolls of remove curse {unknown}
 t - a scroll of random uselessness {unknown}
Potions
 e - a potion of curing {unknown}
 f - a potion of invisibility {unknown}
 k - 2 potions of heal wounds {unknown}
 n - a potion of berserk rage {unknown}
 o - a potion of mutation {unknown}
 q - a potion of cancellation {unknown}
 s - a potion of degeneration {unknown}
Comestibles
 c - 6 rations


   Skills:
 + Level 3.8 Fighting
 + Level 4.1 Axes
 + Level 2.3 Armour
 + Level 2.0 Dodging
 + Level 0.5 Stealth


You had 3 spell levels left.
You didn't know any spells.
Your spell library was empty.

Dungeon Overview and Level Annotations

Branches:
Dungeon (4/15)
 Temple: D:4-7

Altars:
Uskayaw


Innate Abilities, Weirdness & Mutations

You are resistant to torment.
Your stone body is resilient. (AC +3)
You are immune to poison.
You resist negative energy. (rN+)
You are resistant to electric shocks. (rElec)
You can survive without breathing.
You are immune to petrification.
You are immune to rotting.


Message History

Found a stone staircase leading down.
The orc priest calls down the wrath of Beogh upon you.
Beogh smites you!
You closely miss the orc wizard. You closely miss the orc wizard.
You hit the orc priest but do no damage.
The orc wizard gestures at you while chanting.
The puff of flame misses you.
The orc priest invokes the aid of Beogh against you.
Beogh smites you!
Ouch! That really hurt!
* * * LOW HITPOINT WARNING * * *
The orc priest closely misses you.
You're too hungry.
You eat one of the 7 rations.
That ration really hit the spot!
The orc wizard closely misses you.
An orc comes into view. It is wielding a trident.
The orc priest calls down the wrath of Beogh upon you.
Beogh smites you!
You die...

#..........#
...#.##.###.#
# #
#.###.###.#
#.......#.#
#.....[...#
##.##.#.###
#.##.#.# #
#...# #..@#
#>....oo.o.#
+.......###o#
####...##
##... ##.#
#.# #..


You could see 2 orc priests, an orc wizard and an orc.

Vanquished Creatures
  3 adders
  2 oozes
  4 worms
  A dart slug (D:3)
  A leopard gecko (D:1)
  A giant cockroach (D:2)
  5 goblins
  4 hobgoblins
  10 jackals
  5 kobolds
  A ball python (D:3)
  5 bats
  2 frilled lizards (D:3)
  7 rats
51 creatures vanquished.

Notes
Turn   | Place    | Note
-------+----------+-------------------------------------------
     0 | D:1      | Fang the Gargoyle Berserker began the quest for the Orb.
     0 | D:1      | Reached XP level 1. HP: 14/14 MP: 1/1
   302 | D:1      | Reached XP level 2. HP: 17/19 MP: 2/2
   417 | D:1      | Reached skill level 3 in Axes
  1255 | D:2      | Reached XP level 3. HP: 23/24 MP: 3/3
  1479 | D:2      | Reached ** piety under Trog
  1497 | D:2      | Noticed a dagger
  1497 | D:2      | Noticed a hand axe
  1510 | D:2      | Found a hide-covered altar of Uskayaw.
  2215 | D:3      | Reached XP level 4. HP: 29/29 MP: 4/4
  2367 | D:3      | Reached skill level 4 in Axes
  3352 | D:4      | Killed from afar by an orc priest

Skill      XL: |  1  2  3  4 |
---------------+-------------+-----
Axes           | 3 4 |  4.1
Dodging        | 2 |  2.0
Fighting       | |  3.8
Armour         | |  2.3
Stealth        | |  0.5

Action                   |  1- 3 |  4- 6 || total
-------------------------+-------+-------++-------
Melee: Hand axe          |   147 |    69 ||   216
 Stab: Sleeping          |       |     1 ||     1
  Eat: Chunk             |     4 |     2 ||     6
       Ration            |       |     1 ||     1
Armor: Animal skin       |    35 |    15 ||    50
Dodge: Dodged            |   118 |    58 ||   176
